[Event "42nd Olympiad Baku 2016 Open"]
[Site "Baku"]
[Date "2016.09.06"]
[Round "5.18"]
[White "Heidenfeld, Mark"]
[Black "Rajaonarison, Faniry"]
[Result "1-0"]
[ECO "B91"]
[WhiteElo "2366"]
[BlackElo "2150"]
[Annotator ""]
[PlyCount "85"]
[EventDate "2016.??.??"]
[EventType "team-tourn"]
[EventCountry "AZE"]
[SourceTitle "playchess.com"]
[Source "ChessBase"]
[WhiteTeam "Ireland"]
[BlackTeam "Madagascar"]
[WhiteTeamCountry "IRL"]
[BlackTeamCountry "MAD"]
[TimeControl "40/5400+30:1800+30"]

1. e4 {(00:00)} c5 {(00:00)} 2. Nf3 {(00:00)} d6 {(
00:00)} 3. d4 {(00:05)} cxd4 {(00:00)} 4. Nxd4 {(00:07)}
Nf6 {(00:06)} 5. Nc3 {(00:07)} a6 {(00:09)} 6. g3 {
(00:29)} e5 {(01:41)} 7. Nde2 {(00:26)} Be7 {(03:
50)} 8. Bg2 {(01:24)} O-O {(00:23)} 9. O-O {(00:46)} Qc7 {
(04:20)} 10. a4 {(04:08)} b6 {(01:41)} 11. Bg5 {(
07:14)} Nbd7 {(01:48)} 12. h3 {(04:20)} h6 {(04:32)} 13.
Be3 {(00:36)} Bb7 {(02:44)} 14. g4 {(01:17)} Rfe8 {
(00:11)} 15. Ng3 {(01:55)} Bf8 {(00:20)} 16. Qe2 {(
13:23)} Rac8 {(02:17)} 17. Rfd1 {(01:06)} Qc4 {(02:02)}
18. Qd2 {(04:53)} Red8 {(18:09)} 19. f3 {(07:57)} Qb4 {
(10:19)} 20. Rab1 {(15:46)} Nh7 {(12:48)} 21. h4 {(
02:59)} Nc5 {(02:41)} 22. Nf5 {(06:42)} Bc6 {(13:13)} 23.
Bf1 {(02:18)} b5 24. axb5 {(01:59)} axb5 {(14:06)} 25.
Nxb5 {(02:39)} Qxd2 {(01:27)} 26. Rxd2 {(00:26)} Bxb5 {
(01:32)} 27. Bxb5 {(00:09)} Nf6 {(01:26)} 28. c4 {(
02:43)} Rb8 {(00:48)} 29. Rbd1 {(00:56)} d5 {(00:15)} 30.
exd5 {(00:54)} e4 {(00:26)} 31. g5 {(01:22)} hxg5 {
(00:24)} 32. hxg5 {(00:14)} Nh5 {(00:22)} 33. b4 {(
01:05)} Nd3 {(01:25)} 34. fxe4 {(00:40)} Ne5 {(00:13)} 35.
Rb2 {(08:40)} g6 {(00:45)} 36. Nh6+ {(00:45)} Kh7 {
(00:03)} 37. Rf1 {(01:09)} Bg7 {(00:35)} 38. Nxf7 {
(02:26)} Rf8 {(00:55)} 39. Nxe5 {(00:52)} Rxf1+ {(
00:24)} 40. Kxf1 {(00:00)} Bxe5 {(00:00)} 41. Ra2 {(01:02]
} Ng3+ {(00:35)} 42. Kg2 {(00:21)} Nxe4 {(00:16)} 43. Ra7+
{(00:14)} 1-0

[Event "42nd Olympiad Baku 2016 Open"]
[Site "Baku"]
[Date "2016.09.06"]
[Round "5.36"]
[White "Hemam, Moulaye Brahim"]
[Black "Rita, Jose"]
[Result "1-0"]
[ECO "A20"]
[WhiteElo "2032"]
[BlackElo "1625"]
[Annotator ""]
[PlyCount "77"]
[EventDate "2016.??.??"]
[EventType "team-tourn"]
[EventCountry "AZE"]
[SourceTitle "playchess.com"]
[Source "ChessBase"]
[WhiteTeam "MTN"]
[BlackTeam "STP"]
[TimeControl "40/5400+30:1800+30"]

1. c4 {(00:00)} e5 {(00:00)} 2. g3 {(00:00)} Nf6 {(
00:14)} 3. Bg2 {(00:00)} d5 {(00:21)} 4. cxd5 {(00:00)}
Nxd5 {(00:15)} 5. Nc3 {(00:00)} Nb6 {(00:28)} 6. Nf3 {
(00:05)} Nc6 {(00:15)} 7. O-O {(00:10)} Be7 {(00:
14)} 8. d3 {(00:14)} O-O {(00:15)} 9. a3 {(01:28)} Re8 {
(00:45)} 10. Be3 {(00:39)} Bf8 {(01:14)} 11. Rc1 {(
01:37)} h6 {(01:25)} 12. b4 {(00:56)} Nd5 {(05:31)} 13.
Nxd5 {(01:51)} Qxd5 14. Nd4 e4 {(07:17)} 15. Nxc6 {(03:43]
} bxc6 {(00:22)} 16. dxe4 {(00:41)} Qb5 {(02:36)} 17. e5 {
(03:28)} Bb7 {(00:59)} 18. Qc2 {(03:12)} Qxe5 {(05:
56)} 19. Bxc6 {(00:36)} Bxc6 {(00:30)} 20. Qxc6 {(00:09)}
a5 {(03:31)} 21. Bd2 {(14:19)} Qb2 {(05:41)} 22. Bc3 {
(02:05)} Qxa3 {(02:59)} 23. bxa5 {(00:27)} Bd6 {(
01:21)} 24. e3 {(03:54)} Qa2 {(01:57)} 25. Ra1 {(02:43)}
Qe2 {(01:42)} 26. a6 {(01:11)} Red8 {(01:51)} 27. a7 {
(01:01)} Qc2 {(04:40)} 28. Rfc1 {(00:31)} Qf5 29. Bd4 h5 {
(09:37)} 30. Rab1 {(04:14)} Qh3 {(02:12)} 31. Rb5 {
(08:16)} g6 {(01:37)} 32. Qxa8 {(02:52)} Rxa8 {(00:
51)} 33. Rb8+ {(00:07)} Qc8 {(00:25)} 34. Rxc8+ {(00:35)}
Rxc8 35. e4 Ra8 {(07:52)} 36. e5 {(00:57)} c5 {(02:05)}
37. exd6 {(00:16)} cxd4 {(01:13)} 38. d7 {(00:16)} d3 {
(03:15)} 39. Rc8+ {(00:39)} 1-0

[Event "42nd Olympiad Baku 2016 Open"]
[Site "Baku"]
[Date "2016.09.06"]
[Round "5.7"]
[White "Hillarp Persson, Tiger"]
[Black "Deac, Bogdan-Daniel"]
[Result "0-1"]
[ECO "A22"]
[WhiteElo "2523"]
[BlackElo "2524"]
[Annotator ""]
[PlyCount "74"]
[EventDate "2016.??.??"]
[EventType "team-tourn"]
[EventCountry "AZE"]
[SourceTitle "playchess.com"]
[Source "ChessBase"]
[WhiteTeam "Sweden"]
[BlackTeam "Romania"]
[WhiteTeamCountry "SWE"]
[BlackTeamCountry "ROU"]
[TimeControl "40/5400+30:1800+30"]

1. c4 {(00:00)} e5 {(00:00)} 2. Nc3 {(01:08)} Nf6 {
(00:00)} 3. e3 {(00:21)} Bb4 {(05:25)} 4. Nge2 {(
00:58)} c6 {(00:45)} 5. d4 {(03:05)} exd4 {(02:11)} 6.
Qxd4 {(00:18)} O-O {(00:14)} 7. a3 {(00:57)} Ba5 {(
00:35)} 8. b4 {(20:21)} Bc7 {(00:51)} 9. Bb2 {(05:56)} Re8
{(01:43)} 10. Rd1 {(14:20)} a5 {(15:08)} 11. b5 {(
01:47)} Be5 {(04:01)} 12. Qd2 {(05:00)} Qe7 {(15:26)} 13.
g3 {(09:51)} d6 {(08:10)} 14. Bg2 {(06:41)} Be6 {(
00:20)} 15. Nd4 {(02:32)} Bxc4 {(00:37)} 16. Nf5 {(05:59)}
Qd7 {(01:59)} 17. Nxd6 {(02:53)} Qxd6 {(01:27)} 18. Qxd6 {
(00:08)} Bxd6 {(00:08)} 19. Rxd6 {(00:05)} cxb5 {(
00:08)} 20. Bxb7 {(04:52)} Ra7 {(00:15)} 21. Bg2 {(01:27)}
b4 {(07:41)} 22. Nd5 {(03:24)} Nxd5 {(11:37)} 23. Bxd5 {
(00:08)} Ra6 {(00:11)} 24. Bxc4 {(03:37)} Rxd6 {(
00:23)} 25. Ke2 {(00:40)} Red8 {(00:39)} 26. Bc1 {(00:58)}
Rc6 {(01:19)} 27. Bb3 {(02:03)} bxa3 {(04:18)} 28. Bd2 {
(00:31)} a4 {(11:27)} 29. Bxa4 {(00:18)} Rb6 {(00:
09)} 30. Bc3 {(01:19)} Rc8 {(00:50)} 31. Rd1 {(02:36)} a2
{(00:57)} 32. Rd2 {(01:14)} Ra6 {(00:49)} 33. Rd4 {
(00:20)} Nc6 {(02:46)} 34. Rg4 {(00:09)} Ne7 {(00:
49)} 35. Ba1 {(00:46)} Ng6 {(01:06)} 36. Rb4 {(00:36)} Rc1
{(01:01)} 37. Rb8+ {(00:35)} Nf8 {(00:12)} 0-1

[Event "42nd Olympiad Baku 2016 Open"]
[Site "Baku"]
[Date "2016.09.06"]
[Round "5.35"]
[White "Hj, Azahari Md Aliuddin"]
[Black "Hodgson, Norman"]
[Result "1-0"]
[ECO "B08"]
[WhiteElo "2004"]
[BlackElo "1831"]
[Annotator ""]
[PlyCount "109"]
[EventDate "2016.??.??"]
[EventType "team-tourn"]
[EventCountry "AZE"]
[SourceTitle "playchess.com"]
[Source "ChessBase"]
[WhiteTeam "Brunei"]
[BlackTeam "Netherlands Antilles"]
[WhiteTeamCountry "BRN"]
[BlackTeamCountry "AHO"]
[TimeControl "40/5400+30:1800+30"]

1. e4 {(00:00)} d6 {(00:00)} 2. d4 {(00:00)} g6 {(
00:00)} 3. Nc3 {(00:19)} Bg7 {(00:00)} 4. Nf3 {(01:00)}
Nf6 {(00:13)} 5. Bc4 {(04:31)} O-O {(00:30)} 6. O-O {
(00:22)} Bg4 {(00:30)} 7. h3 {(02:32)} Bxf3 {(02:
14)} 8. Qxf3 {(00:09)} Nc6 {(00:17)} 9. Be3 {(01:28)} e5 {
(02:12)} 10. d5 {(07:07)} Nb8 {(00:38)} 11. Rad1 {(
04:06)} Nbd7 {(00:19)} 12. a4 {(05:09)} Nh5 {(01:36)} 13.
g4 {(02:25)} Nf4 {(04:25)} 14. Bxf4 {(02:25)} exf4 {
(00:03)} 15. Qxf4 {(00:10)} a6 {(04:59)} 16. Rfe1 {
(05:44)} Qh4 {(03:13)} 17. Kg2 {(03:05)} f5 {(01:
37)} 18. Qg3 {(16:45)} Qxg3+ {(03:31)} 19. fxg3 {(02:07)}
fxg4 {(00:39)} 20. hxg4 {(00:39)} Rae8 {(04:00)} 21. Bd3 {
(07:07)} Nc5 {(02:25)} 22. a5 {(00:58)} Re7 {(06:
40)} 23. Re2 {(03:07)} Rfe8 {(09:33)} 24. Rde1 {(06:38)}
Nd7 {(07:34)} 25. Nd1 {(03:13)} Ne5 {(02:50)} 26. Nf2 {
(01:52)} Rf7 {(02:59)} 27. Rb1 {(01:51)} Ref8 {(02:
07)} 28. b4 {(01:44)} Nf3 {(04:36)} 29. Nh3 {(02:05)} h6 {
(06:02)} 30. Nf4 {(02:53)} Nd4 {(06:22)} 31. Rd2 {(
01:14)} g5 {(05:11)} 32. Ne6 {(01:09)} Nf3 {(10:57)} 33.
Re2 {(01:34)} Nd4 {(03:23)} 34. Nxf8 {(03:23)} Nxe2 {
(00:15)} 35. Bxe2 {(00:31)} Rxf8 {(01:49)} 36. b5 {
(01:22)} Bd4 {(01:33)} 37. Bf3 {(02:08)} Bc3 {(00:
53)} 38. bxa6 {(01:45)} bxa6 {(00:14)} 39. Rb3 {(01:26)}
Bxa5 {(00:48)} 40. Ra3 {(00:00)} Bb6 {(00:00)} 41. Rxa6 {
(00:17)} Kg7 {(02:39)} 42. Ra3 {(01:43)} Kf6 {(01:
00)} 43. Kf1 {(05:59)} Ke5 {(00:39)} 44. Ke2 {(00:54)} Bc5
{(00:22)} 45. Ra1 {(04:03)} Bd4 {(00:46)} 46. Rh1 {
(00:54)} Rh8 {(00:48)} 47. Rf1 {(03:29)} Rf8 {(01:
22)} 48. Kd3 {(01:50)} Bc5 {(02:06)} 49. c3 {(02:06)} Bb6
{(01:18)} 50. Ke2 {(01:49)} Bc5 {(00:47)} 51. Rh1 {
(00:16)} Rh8 {(00:12)} 52. Bg2 {(00:09)} Rf8 {(03:
41)} 53. Rxh6 {(00:37)} Rf2+ {(01:37)} 54. Kd3 {(00:13)}
Rxg2 {(00:13)} 55. Re6# {(00:05)} 1-0

[Event "42nd Olympiad Baku 2016 Open"]
[Site "Baku"]
[Date "2016.09.06"]
[Round "5.2"]
[White "Hjartarson, Johann"]
[Black "Ladva, Ottomar"]
[Result "1-0"]
[ECO "B47"]
[WhiteElo "2545"]
[BlackElo "2501"]
[Annotator ""]
[PlyCount "81"]
[EventDate "2016.??.??"]
[EventType "team-tourn"]
[EventCountry "AZE"]
[SourceTitle "playchess.com"]
[Source "ChessBase"]
[WhiteTeam "Iceland"]
[BlackTeam "Estonia"]
[WhiteTeamCountry "ISL"]
[BlackTeamCountry "EST"]
[TimeControl "40/5400+30:1800+30"]

1. e4 {(00:00)} c5 {(00:00)} 2. Nf3 {(00:00)} e6 {(
00:00)} 3. d4 {(00:00)} cxd4 {(00:00)} 4. Nxd4 {(00:00)}
Nc6 {(00:00)} 5. Nc3 {(00:04)} Qc7 {(00:12)} 6. Be2 {
(00:46)} Nf6 {(00:58)} 7. O-O {(00:19)} Be7 {(00:
04)} 8. Be3 {(01:29)} O-O {(00:15)} 9. f4 {(00:24)} d6 {
(00:02)} 10. Kh1 {(01:01)} Nxd4 {(00:07)} 11. Qxd4 {
(02:54)} b6 {(00:03)} 12. Bf3 {(03:13)} Bb7 {(02:
20)} 13. Rae1 {(00:22)} Rac8 {(15:02)} 14. Nb5 {(12:19)}
Qb8 {(11:48)} 15. c4 {(02:38)} Rfd8 {(12:36)} 16. Nc3 {
(22:38)} Ba6 {(24:12)} 17. b3 {(01:28)} d5 {(02:39]
} 18. exd5 {(01:27)} Bb4 {(05:40)} 19. Bd2 {(13:38)} Bxc3
{(11:00)} 20. Bxc3 {(00:48)} exd5 {(00:13)} 21. Qe3 {
(09:18)} Qd6 {(05:31)} 22. Bxf6 {(02:28)} Qxf6 {(
00:03)} 23. Bxd5 {(00:09)} b5 {(01:21)} 24. Rf2 {(05:27)}
bxc4 {(00:02)} 25. bxc4 {(00:09)} h6 {(02:31)} 26. Qe4 {
(03:30)} Rc7 {(02:57)} 27. h3 {(02:26)} Rdd7 {(00:
58)} 28. Rb1 {(03:12)} Re7 {(00:29)} 29. Qd3 {(01:06)} g6
{(00:37)} 30. Kh2 {(03:01)} Kg7 {(00:24)} 31. g4 {(
00:49)} Red7 {(00:45)} 32. Rb4 {(03:06)} Rc5 {(01:21)} 33.
Qe3 {(00:42)} Rdc7 {(00:34)} 34. g5 {(01:18)} Qd6 {
(01:08)} 35. Qd4+ {(00:28)} Kh7 {(00:45)} 36. gxh6 {
(00:07)} Qf8 {(00:28)} 37. Rb8 {(00:40)} Bc8 {(00:
50)} 38. f5 {(01:12)} gxf5 {(00:24)} 39. Rxf5 {(01:58)}
Qxh6 {(00:26)} 40. Rxc8 {(00:00)} Qd6+ {(00:00)} 41. Kh1 {
(02:17)} 1-0

[Event "42nd Olympiad Baku 2016 Open"]
[Site "Baku"]
[Date "2016.09.06"]
[Round "5.7"]
[White "Ho, Hou-Meng"]
[Black "Hardan, Hamid Musallem"]
[Result "0-1"]
[ECO "A46"]
[WhiteElo "1908"]
[BlackElo "1914"]
[Annotator ""]
[PlyCount "130"]
[EventDate "2016.??.??"]
[EventType "team-tourn"]
[EventCountry "AZE"]
[SourceTitle "playchess.com"]
[Source "ChessBase"]
[WhiteTeam "Macau"]
[BlackTeam "OMA"]
[WhiteTeamCountry "MAC"]
[TimeControl "40/5400+30:1800+30"]

1. d4 {(00:00)} e6 {(00:08)} 2. Nf3 {(00:09)} Nf6 {
(00:15)} 3. Bg5 {(05:13)} d5 {(01:47)} 4. c4 {(02:
15)} Be7 {(01:14)} 5. e3 {(00:25)} c6 {(00:43)} 6. Nc3 {
(00:22)} h6 {(00:45)} 7. Bh4 {(03:57)} Nbd7 {(03:
57)} 8. Bd3 {(01:07)} dxc4 {(04:31)} 9. Bxc4 {(00:06)} Nb6
{(00:19)} 10. Bb3 {(02:47)} Nbd5 {(01:02)} 11. O-O {
(03:02)} Qa5 {(04:33)} 12. Rc1 {(10:01)} g5 {(06:
13)} 13. Bg3 {(00:22)} Nxc3 {(02:16)} 14. bxc3 {(00:36)}
Ne4 {(00:29)} 15. Qd3 {(00:49)} Nxg3 {(03:14)} 16. fxg3 {
(00:41)} Bd6 {(02:19)} 17. e4 {(03:55)} Bd7 {(07:
06)} 18. e5 {(11:47)} Ba3 {(01:01)} 19. Rc2 {(15:08)}
O-O-O {(04:49)} 20. Nd2 {(06:19)} Be8 {(00:18)} 21. Qe3 {
(00:31)} Qc7 {(03:25)} 22. Ne4 {(00:34)} Be7 {(00:
51)} 23. Rcf2 {(00:33)} Kb8 {(01:34)} 24. Bd1 {(01:45)} c5
{(02:53)} 25. Bh5 {(10:53)} cxd4 {(01:57)} 26. cxd4 {
(00:06)} Qb6 {(03:20)} 27. Bxf7 {(08:09)} Rxd4 {(
01:51)} 28. Bxe8 {(03:36)} Rxe8 {(00:35)} 29. Kh1 {(02:19]
} Red8 {(00:43)} 30. h3 {(00:17)} Qb4 {(01:55)} 31. Nd6 {
(01:52)} Bxd6 {(00:32)} 32. exd6 {(00:04)} Qxd6 {(
00:11)} 33. Rf6 {(00:29)} Rd3 {(01:50)} 34. Qxe6 {(00:36)}
Qxg3 {(00:39)} 35. R6f2 {(05:15)} Rd1 {(00:34)} 36. Qe2 {
(00:12)} Qd3 {(04:30)} 37. Rxd1 {(00:57)} Qxd1+ {(
00:05)} 38. Qxd1 {(00:01)} Rxd1+ {(00:02)} 39. Kh2 {(00:
02)} Rd6 {(01:38)} 40. g4 {(00:00)} a6 {(00:00)} 41. h4 {
(10:13)} gxh4 {(02:52)} 42. Kh3 {(00:34)} b5 {(00:
43)} 43. Kxh4 {(02:45)} b4 {(01:56)} 44. g5 {(00:53)}
hxg5+ {(00:06)} 45. Kxg5 {(00:03)} Kb7 {(00:25)} 46. Kf5 {
(00:54)} Kb6 {(00:10)} 47. Ke5 {(04:22)} Rd1 {(00:
48)} 48. Ke4 {(10:40)} Kb5 {(02:43)} 49. Ke3 {(01:48)} Ka4
{(00:15)} 50. Rf6 {(00:43)} a5 {(00:19)} 51. Rf5 {(
00:13)} Ra1 {(00:18)} 52. Kd2 {(01:12)} Rxa2+ {(00:21)}
53. Kc1 {(00:05)} Rh2 {(00:23)} 54. Kb1 {(02:16)} b3 {
(00:46)} 55. Rg5 {(00:43)} Kb4 {(00:18)} 56. Rg4+ {
(00:50)} Ka3 {(00:20)} 57. Rg1 {(00:04)} a4 {(01:
15)} 58. Rf1 {(00:05)} Rb2+ {(00:32)} 59. Ka1 {(00:09)}
Rd2 {(00:15)} 60. Kb1 {(00:20)} Rd4 {(00:11)} 61. Rh1 {
(00:14)} Kb4 {(00:20)} 62. Rg1 {(00:29)} a3 {(00:
23)} 63. Rh1 {(00:17)} Rc4 {(00:15)} 64. Rh3 {(01:09)} a2+
{(00:33)} 65. Ka1 {(00:33)} Rc1+ {(00:20)} 0-1

[Event "42nd Olympiad Baku 2016 Open"]
[Site "Baku"]
[Date "2016.09.06"]
[Round "5.21"]
[White "Hossain, Enamul"]
[Black "Nisipeanu, Liviu-Dieter"]
[Result "0-1"]
[ECO "B83"]
[WhiteElo "2431"]
[BlackElo "2687"]
[Annotator ""]
[PlyCount "94"]
[EventDate "2016.??.??"]
[EventType "team-tourn"]
[EventCountry "AZE"]
[SourceTitle "playchess.com"]
[Source "ChessBase"]
[WhiteTeam "Bangladesh"]
[BlackTeam "Germany"]
[WhiteTeamCountry "BAN"]
[BlackTeamCountry "GER"]
[TimeControl "40/5400+30:1800+30"]

1. e4 {(00:00)} c5 {(00:00)} 2. Nf3 {(00:00)} e6 {(
00:00)} 3. d4 {(00:05)} cxd4 {(00:00)} 4. Nxd4 {(00:05)}
Nf6 {(00:00)} 5. Nc3 {(00:10)} d6 {(00:00)} 6. Be2 {
(00:55)} Be7 {(00:05)} 7. O-O {(00:19)} O-O {(00:
07)} 8. f4 {(00:37)} Nc6 {(00:05)} 9. Be3 {(00:15)} Nxd4 {
(00:23)} 10. Bxd4 {(05:04)} b6 {(00:12)} 11. Qd3 {(
04:42)} Bb7 {(00:07)} 12. Rad1 {(05:55)} Rc8 {(00:05)} 13.
Bf3 {(11:51)} Nd7 {(12:26)} 14. f5 {(09:52)} Ne5 {(
16:25)} 15. Qe2 {(05:33)} Bf6 {(02:06)} 16. Bg4 {(22:46)}
Qe7 {(16:07)} 17. Bh3 {(00:36)} Rce8 {(00:17)} 18. Nb5 {
(05:38)} exf5 {(04:57)} 19. Bxf5 {(01:34)} g6 {(05:
10)} 20. Bh3 {(00:56)} Bg7 {(04:17)} 21. c4 {(04:58)} f5 {
(09:42)} 22. Bc3 {(02:32)} Nf7 {(04:35)} 23. Bxg7 {
(01:18)} Kxg7 {(00:05)} 24. Qd2 {(04:15)} Qxe4 {(
05:30)} 25. Rf4 {(02:11)} Qe5 {(02:11)} 26. Rd4 {(01:32)}
Re6 {(05:18)} 27. Nxd6 {(03:31)} Nxd6 {(03:07)} 28. Rxd6 {
(00:01)} Rxd6 {(00:25)} 29. Qxd6 {(00:02)} Qxb2 {(
01:29)} 30. c5 {(00:07)} Qc3 {(03:27)} 31. cxb6 {(04:14)}
Qe3+ {(00:15)} 32. Kh1 {(00:06)} Qxh3 {(01:39)} 33. Qc7+ {
(00:02)} Rf7 {(00:07)} 34. Qxb7 {(00:10)} Qxh2+ {(
02:32)} 35. Kxh2 {(00:02)} Rxb7 {(00:07)} 36. bxa7 {(00:
08)} Rxa7 {(00:05)} 37. Rd2 {(00:08)} Ra3 {(00:36)} 38.
Kg1 {(00:08)} Kf6 {(00:45)} 39. Kf2 {(00:12)} Kg5 {
(00:14)} 40. Rb2 {(00:00)} h5 {(00:00)} 41. Rc2 {(
02:41)} Kg4 {(00:41)} 42. Rd2 {(00:47)} h4 {(00:22)} 43.
Rb2 {(00:08)} g5 {(00:07)} 44. Rd2 {(02:25)} f4 {(
00:18)} 45. Rb2 {(01:38)} h3 {(00:48)} 46. gxh3+ {(00:06)}
Kxh3 {(00:56)} 47. Kg1 {(00:12)} g4 {(00:54)} 0-1

[Event "42nd Olympiad Baku 2016 Open"]
[Site "Baku"]
[Date "2016.09.06"]
[Round "5.29"]
[White "Husbands, Orlando"]
[Black "Mosenya, Ndawana"]
[Result "1-0"]
[ECO "C12"]
[WhiteElo "2257"]
[BlackElo "2003"]
[Annotator ""]
[PlyCount "143"]
[EventDate "2016.??.??"]
[EventType "team-tourn"]
[EventCountry "AZE"]
[SourceTitle "playchess.com"]
[Source "ChessBase"]
[WhiteTeam "Barbados"]
[BlackTeam "Botswana"]
[WhiteTeamCountry "BAR"]
[BlackTeamCountry "BOT"]
[TimeControl "40/5400+30:1800+30"]

1. e4 {(00:00)} e6 {(00:00)} 2. d4 {(00:00)} d5 {(
00:00)} 3. Nc3 {(00:00)} Nf6 {(00:00)} 4. Bg5 {(00:00)}
Bb4 {(00:00)} 5. e5 {(00:04)} h6 {(00:17)} 6. Bd2 {
(01:55)} Bxc3 {(00:30)} 7. Bxc3 {(02:38)} Ne4 {(04:
12)} 8. Bd3 {(01:57)} Nxc3 {(01:16)} 9. bxc3 c5 {(00:11)}
10. dxc5 {(06:01)} Nc6 {(00:27)} 11. Nf3 {(00:03)} Qa5 {
(00:29)} 12. Qd2 {(00:12)} Qxc5 {(00:42)} 13. O-O {
(00:12)} Bd7 {(00:33)} 14. Rab1 {(03:35)} Na5 {(00:
06)} 15. Nd4 {(01:05)} a6 {(01:26)} 16. Nb3 {(02:56)} Nxb3
{(09:19)} 17. cxb3 {(00:01)} Rc8 {(01:12)} 18. Rbc1 {
(00:04)} O-O {(00:52)} 19. Rfe1 {(00:40)} b5 {(06:
13)} 20. Bb1 {(03:59)} f5 {(00:14)} 21. Red1 {(07:45)} Be8
{(05:52)} 22. Qd4 {(03:04)} Bh5 {(00:26)} 23. Re1 {
(00:06)} Qxd4 {(02:02)} 24. cxd4 {(00:02)} Kf7 {(
04:55)} 25. Bd3 {(01:33)} f4 {(02:48)} 26. Rc5 {(00:57)}
Rxc5 {(00:48)} 27. dxc5 {(00:03)} Bg6 {(00:02)} 28. Be2 {
(09:14)} Rc8 {(01:02)} 29. b4 {(02:46)} Bc2 {(01:
06)} 30. Rc1 {(01:35)} Ba4 {(00:57)} 31. Kf1 {(02:30)} Ke7
{(00:08)} 32. c6 {(01:58)} Rc7 {(01:46)} 33. Ke1 {(
00:46)} g6 {(02:51)} 34. Kd2 {(00:35)} Kd8 {(00:55)} 35.
Kd3 {(02:36)} Rg7 {(08:45)} 36. Kd4 {(01:29)} h5 {(
00:42)} 37. Kc5 {(02:04)} Kc7 {(00:06)} 38. Bd1 {(06:37)}
Bxd1 {(03:37)} 39. Rxd1 {(02:39)} Rg8 {(00:09)} 40. Rd4 {
(00:00)} Rf8 {(00:00)} 41. h4 {(04:29)} Rf5 {(03:
15)} 42. f3 {(08:01)} Rf8 {(00:09)} 43. Rd3 {(02:36)} Rb8
{(02:23)} 44. Rd4 {(00:10)} Rf8 {(19:49)} 45. Rd3 {
(00:07)} Rb8 {(03:19)} 46. Rd4 {(00:17)} Rb6 {(08:
33)} 47. Rxf4 {(00:45)} Rxc6+ {(00:13)} 48. Kd4 {(00:02)}
Rc4+ {(02:18)} 49. Ke3 {(00:01)} Rc2 {(04:08)} 50. Rf7+ {
(01:04)} Kd8 {(04:16)} 51. Rf6 {(01:26)} Ke7 {(00:
51)} 52. Rxg6 {(04:02)} Rxa2 {(00:33)} 53. g4 {(05:44)}
Ra4 {(00:49)} 54. gxh5 {(05:12)} Rxb4 {(00:16)} 55. f4 {
(00:04)} Rc4 {(01:58)} 56. h6 {(02:35)} Rc8 {(04:
10)} 57. Rg7+ {(01:45)} Kf8 {(00:10)} 58. Ra7 {(00:02)}
Kg8 {(01:13)} 59. Rxa6 {(00:03)} Rc3+ {(02:24)} 60. Ke2 {
(04:06)} Rc2+ {(05:17)} 61. Kf3 {(01:34)} Rc3+ {(
02:18)} 62. Kg4 {(01:11)} b4 {(00:21)} 63. Rxe6 {(03:11)}
b3 {(00:09)} 64. Rb6 {(00:55)} d4 {(00:14)} 65. e6 {
(01:25)} Re3 {(00:33)} 66. f5 {(01:06)} d3 {(00:07]
} 67. Rxb3 {(00:21)} d2 {(00:11)} 68. Rb8+ {(00:03)} Kh7 {
(01:44)} 69. Rd8 {(00:33)} Re2 {(00:36)} 70. Kg5 {(
01:34)} Rh2 {(06:51)} 71. e7 {(01:26)} Re2 {(00:18)} 72.
Kf6 {(00:41)} 1-0

[Event "42nd Olympiad Baku 2016 Open"]
[Site "Baku"]
[Date "2016.09.06"]
[Round "5.26"]
[White "Ipatov, Alexander"]
[Black "Gundavaa, Bayarsaikhan"]
[Result "1-0"]
[ECO "E06"]
[WhiteElo "2652"]
[BlackElo "2492"]
[Annotator ""]
[PlyCount "119"]
[EventDate "2016.??.??"]
[EventType "team-tourn"]
[EventCountry "AZE"]
[SourceTitle "playchess.com"]
[Source "ChessBase"]
[WhiteTeam "Turkey"]
[BlackTeam "Mongolia"]
[WhiteTeamCountry "TUR"]
[BlackTeamCountry "MGL"]
[TimeControl "40/5400+30:1800+30"]

1. d4 {(00:00)} d5 {(00:20)} 2. c4 {(00:02)} e6 {(
00:13)} 3. Nf3 {(00:48)} Nf6 {(01:22)} 4. g3 {(00:49)} Be7
{(05:20)} 5. Bg2 {(00:11)} O-O {(00:08)} 6. O-O {(
01:55)} dxc4 {(00:14)} 7. Qc2 {(00:30)} a6 {(00:13)} 8. a4
{(00:14)} Bd7 {(00:20)} 9. Qxc4 {(00:25)} Bc6 {(00:
04)} 10. Bg5 {(00:06)} Bd5 {(00:42)} 11. Qc2 {(00:24)} Be4
{(00:12)} 12. Qc1 {(00:16)} h6 {(06:00)} 13. Bxf6 {
(03:45)} Bxf6 {(00:10)} 14. Rd1 {(00:07)} a5 {(01:
41)} 15. Nbd2 {(00:50)} Bxf3 {(00:32)} 16. Bxf3 {(00:33)}
c6 {(00:49)} 17. Nc4 {(04:43)} Na6 {(03:06)} 18. Be4 {
(11:33)} Nb4 {(09:00)} 19. Qf4 {(05:14)} Bg5 {(16:
11)} 20. Qe5 {(01:41)} Qe7 {(01:08)} 21. h4 {(01:22)} Bf6
{(03:52)} 22. Qh5 {(00:49)} Rfd8 {(01:19)} 23. e3 {
(01:10)} Nd5 {(01:27)} 24. Rac1 {(13:24)} Qb4 {(08:
50)} 25. Qe2 {(01:20)} Rac8 {(11:11)} 26. Bb1 {(23:01)}
Nb6 {(05:48)} 27. b3 {(03:08)} Nxc4 {(09:35)} 28. bxc4 {
(00:28)} Qxa4 {(05:28)} 29. c5 {(02:48)} b5 {(02:
56)} 30. cxb6 {(10:19)} Qb4 {(00:35)} 31. Qa6 {(01:08)}
Ra8 {(00:50)} 32. Qb7 {(01:04)} Rab8 {(02:04)} 33. Qxc6 {
(00:05)} Qxb6 {(00:15)} 34. Qe4 {(00:22)} Kf8 {(01:
09)} 35. Rc6 {(02:25)} Qb7 {(00:36)} 36. Rdc1 {(00:36)}
Rd7 {(02:12)} 37. Qh7 {(01:42)} Ke7 {(00:53)} 38. d5 {
(01:30)} Qb4 {(01:29)} 39. dxe6 {(04:37)} fxe6 {(
00:05)} 40. Ba2 {(00:00)} Rb6 {(00:00)} 41. Rxb6 {(11:46)}
Qxb6 {(01:06)} 42. Qe4 {(00:29)} Rc7 {(06:55)} 43. Rxc7+ {
(01:48)} Qxc7 {(00:04)} 44. Qxe6+ {(00:07)} Kd8 {(
00:06)} 45. Kg2 {(02:41)} Qe5 {(01:51)} 46. Qc6 {(00:10)}
Qc7 {(03:36)} 47. Qd5+ {(02:04)} Kc8 {(00:18)} 48. e4 {
(01:29)} Kb8 {(00:07)} 49. f4 {(08:44)} Qc2+ {(00:
18)} 50. Kf3 {(00:13)} Qc3+ {(02:31)} 51. Kg4 {(00:06)}
Bd4 {(05:49)} 52. Kh5 {(04:12)} Bf2 {(09:39)} 53. g4 {
(02:34)} Qf6 {(00:49)} 54. Qb3+ {(01:57)} Kc7 {(01:
51)} 55. Qc2+ {(01:14)} Qc6 {(01:08)} 56. Qxc6+ {(00:38)}
Kxc6 {(00:05)} 57. e5 {(00:26)} Bg3 {(02:06)} 58. Kg6 {
(00:34)} Bxf4 {(01:30)} 59. e6 {(00:15)} Kd6 {(00:
49)} 60. Kf7 {(00:07] Kd5} 1-0